Map: Deathaura LE

Players

Reynor - Winner!

  • Race: Zerg Zerg
  • League: Master
  • Spawn Location: 5:00

Serral

  • Race: Zerg Zerg
  • League: Grandmaster
  • Spawn Location: 11:00

Event: DreamHack SC2 Masters 2020 Fall

VOD

Have the link to the VOD?

Description

Time

  • Played on: Sept. 11, 2020, 2:20 p.m.
  • Length: 19:33

All games in this series

Show
View Real Time Build Order
Export as new Build Order

Reynor Zerg - Winner!

Build Orders: Hatch First, Lurkers, Roach Hydra 

Get SALT Encoding   

  12  0:00  Drone  
  13  0:12  Overlord  
  13  0:16  Drone  
  14  0:30  Drone x2  
  16  0:47  Hatchery  
  15  0:51  Drone  
  15  0:54  Drone  
  17  0:57  Drone  
  18  1:09  Extractor  
  17  1:13  Spawning Pool  
  17  1:16  Drone  
  17  1:19  Drone  
  18  1:27  Drone  
  19  1:38  Drone  
  20  1:49  Drone  
  21  1:59  Overlord  
  21  2:00  Drone, Queen  
  21  2:01  Queen  
  26  2:10  Drone x2  
  28  2:17  Metabolic Boost  
  28  2:21  Zergling x2  
  28  2:22  Drone  
  30  2:32  Drone  
  30  2:33  Overlord  
  30  2:35  Queen  
  33  2:42  Drone  
  33  2:43  Drone  
  35  2:50  Evolution Chamber  
  34  2:53  Drone  
  34  2:54  Drone  
  36  3:07  Roach Warren  
  36  3:09  Zergling x8  
  36  3:10  Zergling x4  
  36  3:11  Overlord  
  41  3:13  Drone  
  41  3:16  Zerg Missile Weapons Level 1  
  41  3:19  Drone  
  43  3:23  Drone  
  44  3:29  Overlord  
  44  3:31  Drone  
  45  3:40  Zergling x2  
  46  3:43  Drone x3  
  46  3:45  Drone, Hatchery  
  49  3:50  Drone  
  49  3:55  Drone x2  
  52  3:57  Lair  
  51  4:05  Overlord  
  51  4:06  Drone x2  
  51  4:09  Drone  
  54  4:11  Extractor x2  
  52  4:19  Overlord  
  52  4:25  Drone x3  
  52  4:29  Roach x3  
  61  4:32  Queen  
  61  4:34  Roach  
  65  4:39  Roach  
  65  4:41  Overlord  
  65  4:42  Roach  
  69  4:48  Roach x2  
  69  4:51  Roach  
  75  4:53  Overlord  
  75  4:57  Overseer  
  75  5:00  Drone x2  
  75  5:04  Overlord  
  75  5:07  Drone x2  
  78  5:08  Drone x2  
  78  5:11  Glial Reconstitution  
  81  5:14  Drone x3  
  81  5:15  Drone  
  81  5:17  Overlord  
  81  5:18  Drone  
  86  5:22  Roach  
  86  5:25  Queen  
  86  5:26  Drone  
  91  5:28  Drone  
  91  5:29  Drone  
  93  5:35  Zerg Missile Weapons Level 2  
  93  5:37  Drone x3  
  93  5:40  Extractor x2  
  93  5:41  Drone  
  93  5:42  Drone x2  
  97  5:43  Drone  
  97  5:45  Drone  
  97  5:46  Drone  
  97  5:47  Drone  
  97  5:49  Drone  
  102  5:50  Drone  
  102  5:51  Drone  
  102  5:55  Queen  
  107  5:57  Drone  
  107  6:00  Overlord, Spore Crawler  
  107  6:01  Extractor  
  107  6:02  Drone  
  106  6:06  Drone x2  
  106  6:07  Drone  
  106  6:11  Hydralisk Den, Spore Crawler  
  108  6:12  Spore Crawler  
  108  6:14  Drone x2  
  108  6:17  Roach  
  108  6:18  Roach  
  112  6:23  Drone x2  
  113  6:35  Infestation Pit  
  113  6:36  Hatchery  
  113  6:38  Roach  
  113  6:39  Overlord  
  112  6:41  Muscular Augments  
  112  6:45  Drone  
  112  6:47  Lurker Den  
  112  6:49  Overlord  
  111  7:01  Hydralisk x5  
  111  7:06  Overlord  
  111  7:08  Drone  
  120  7:10  Roach x3  
  120  7:11  Roach x2, Spore Crawler  
  120  7:13  Hive  
  120  7:15  Overlord  
  129  7:23  Overlord  
  129  7:26  Roach  
  129  7:27  Roach x3  
  129  7:28  Overlord  
  129  7:29  Overlord  
  137  7:33  Overlord  
  137  7:39  Overlord  
  138  7:44  Drone x2  
  138  7:45  Lurker x2  
  138  7:46  Lurker x2  
  138  7:48  Drone x3  
  138  7:49  Drone x3, Queen  
  148  7:52  Evolution Chamber, Zerg Ground Armor Level 1  
  148  7:54  Overlord  
  148  7:55  Drone x4  
  148  7:57  Grooved Spines  
  150  8:03  Drone x2, Extractor  
  150  8:04  Extractor, Spore Crawler  
  150  8:05  Hydralisk x3  
  149  8:11  Hydralisk, Spore Crawler  
  156  8:12  Spore Crawler  
  156  8:17  Hydralisk x2  
  148  8:35  Roach x13  
  148  8:41  Roach x4  
  161  8:47  Roach x3  
  165  8:50  Roach x4  
  157  9:01  Drone x4, Viper  
  157  9:02  Extractor  
  163  9:06  Roach x4  
  171  9:11  Roach x3  
  171  9:12  Roach  
  171  9:14  Overlord  
  179  9:22  Roach x4  
  183  9:29  Roach x3  
  167  9:34  Queen  
  167  9:35  Roach x5  
  167  9:36  Roach x2  
  167  9:37  Roach  
  185  9:41  Roach x3  
  191  9:46  Drone  
  191  9:49  Seismic Spines  
  191  9:51  Overlord  
  185  10:00  Overlord  
  185  10:03  Hatchery  
  185  10:05  Zerg Ground Armor Level 2  
  185  10:06  Zerg Missile Weapons Level 3  
  180  10:11  Queen  
  180  10:18  Lurker x2  
  180  10:20  Drone x4  
  186  10:29  Viper  
  186  10:33  Spore Crawler  
  186  10:35  Pneumatized Carapace  
  188  10:37  Hydralisk  
  188  10:38  Hydralisk  
  188  10:39  Hatchery  
  188  10:42  Roach x2  
  189  10:54  Roach x8  
  170  11:02  Roach x6  
  169  11:05  Roach  
  169  11:08  Hydralisk  
  169  11:11  Hydralisk x2  
  169  11:19  Roach x4  
  169  11:25  Roach x3  
  183  11:26  Overseer  
  183  11:28  Hydralisk  
  185  11:34  Roach x2  
  185  11:36  Adaptive Talons  
  181  11:51  Hydralisk x5  
  181  11:54  Extractor x2  
  180  11:58  Roach x3  
  180  12:01  Lurker x2  
  171  12:14  Viper  
  171  12:15  Drone x4  
  166  12:25  Roach x10  
  170  12:36  Roach x6  
  182  12:40  Overseer x2  
  178  12:49  Roach x2  
  178  12:50  Roach x4  
  186  12:58  Viper x2  
  172  13:07  Viper x2  
  172  13:09  Drone x4  
  180  13:15  Roach x5  
  180  13:17  Hydralisk  
  186  13:24  Hydralisk x3  
  192  13:32  Hydralisk x3  
  198  13:36  Lurker x2  
  200  13:42  Overlord  
  200  13:43  Overseer x2  
  200  13:54  Overseer  
  200  14:05  Extractor  
  199  14:17  Spine Crawler, Spore Crawler  
  197  14:31  Zerg Ground Armor Level 3  
  197  14:36  Roach x9  
  197  14:37  Roach x2  
  197  14:42  Roach  
  199  14:49  Drone x3, Spine Crawler x2, Spore Crawler  
  199  14:50  Drone  
  200  14:53  Overseer  
  200  15:02  Spine Crawler x2  
  200  15:03  Drone x2  
  200  15:04  Spine Crawler  
  200  15:05  Spore Crawler  
  196  15:19  Roach x3  
  169  15:29  Hydralisk  
  169  15:30  Hydralisk x7  
  169  15:31  Viper x4  
  197  15:47  Overseer  
  197  15:48  Hatchery  
  194  15:54  Lurker x4  
  196  15:57  Overlord x2  
  196  16:14  Hatchery  
  195  16:26  Roach x2  
  193  17:07  Roach x18  
  193  17:08  Roach x2, Overseer  
  189  17:18  Hydralisk x6  
  197  17:23  Overlord  
  191  17:33  Hydralisk x4  
  197  17:40  Hydralisk  
  197  18:01  Overseer  
  187  18:18  Lurker x4  
  187  18:19  Lurker  
  192  18:21  Roach x4  
  192  18:26  Unknown x2  
  198  18:27  Spore Crawler  
  193  18:46  Lurker  
  193  18:47  Lurker x3  
  196  18:52  Hydralisk x6  
  199  19:01  Hatchery  
Show
View Real Time Build Order
Export as new Build Order

Serral Zerg 

Build Orders: Hatch First, Lurkers 

Get SALT Encoding   

  12  0:00  Drone  
  13  0:12  Overlord  
  13  0:16  Drone  
  14  0:30  Drone x2  
  16  0:47  Hatchery  
  15  0:50  Drone  
  15  0:54  Drone  
  17  1:07  Spawning Pool  
  17  1:11  Drone  
  17  1:12  Extractor  
  17  1:16  Drone  
  17  1:19  Drone  
  18  1:27  Drone  
  19  1:38  Drone  
  20  1:54  Overlord  
  20  1:55  Queen  
  20  1:59  Queen  
  20  2:00  Drone, Zergling x2  
  26  2:10  Drone  
  26  2:11  Drone  
  28  2:21  Drone x2  
  30  2:32  Drone x2  
  32  2:37  Hatchery  
  32  2:39  Queen  
  33  2:44  Overlord  
  33  2:47  Drone  
  34  2:55  Drone x2  
  36  2:59  Roach Warren  
  35  3:07  Drone x4  
  40  3:12  Drone  
  40  3:13  Evolution Chamber  
  40  3:18  Overlord  
  40  3:19  Drone  
  40  3:21  Drone  
  40  3:23  Drone  
  42  3:30  Overlord  
  42  3:40  Zerg Missile Weapons Level 1  
  42  3:42  Roach x2, Lair, Extractor  
  42  3:43  Roach, Extractor  
  42  3:47  Roach  
  48  3:52  Drone x5  
  48  3:53  Drone  
  54  3:58  Roach  
  56  4:03  Overlord  
  56  4:09  Overlord  
  56  4:23  Drone x2  
  58  4:24  Drone x2, Hatchery  
  58  4:25  Drone  
  58  4:27  Extractor  
  59  4:34  Drone x3  
  62  4:39  Roach x2  
  62  4:41  Spire  
  65  4:46  Roach  
  65  4:47  Overseer  
  65  4:48  Drone  
  68  4:53  Overlord x2  
  68  4:56  Glial Reconstitution  
  68  5:05  Overlord  
  68  5:12  Drone x2  
  68  5:13  Drone x4  
  74  5:14  Drone x2  
  76  5:22  Drone  
  76  5:24  Drone  
  76  5:26  Overlord  
  78  5:35  Drone, Extractor  
  78  5:36  Extractor  
  78  5:39  Zerg Missile Weapons Level 2  
  78  5:40  Overlord  
  77  5:45  Drone  
  77  5:46  Drone  
  77  5:47  Overlord  
  79  5:50  Drone  
  79  5:52  Mutalisk x4  
  79  5:55  Mutalisk  
  90  5:57  Drone  
  90  6:01  Drone  
  92  6:05  Drone  
  92  6:06  Drone x3  
  92  6:08  Mutalisk  
  92  6:10  Drone x3  
  101  6:14  Overlord x2  
  101  6:21  Roach  
  103  6:28  Hatchery  
  103  6:29  Overlord  
  103  6:32  Roach x5  
  112  6:38  Ravager  
  112  6:39  Roach x4  
  121  6:43  Overlord  
  121  6:46  Overlord  
  121  6:49  Overlord  
  121  6:52  Roach x4  
  129  7:00  Ravager  
  130  7:05  Roach x3  
  136  7:10  Drone x6  
  136  7:11  Overlord  
  136  7:12  Roach x2, Infestation Pit  
  136  7:13  Roach  
  147  7:20  Roach x3  
  153  7:26  Drone  
  153  7:27  Overlord  
  153  7:28  Extractor  
  153  7:29  Overlord  
  153  7:36  Overlord  
  153  7:37  Drone x3  
  153  7:41  Queen  
  153  7:42  Roach x4  
  166  7:49  Hive, Roach  
  168  7:55  Zerg Ground Armor Level 1  
  168  7:57  Roach x5  
  178  8:00  Ravager x4  
  178  8:01  Ravager x2  
  178  8:04  Extractor  
  178  8:05  Drone x3  
  185  8:08  Roach  
  185  8:09  Roach x2  
  192  8:12  Overlord  
  192  8:16  Overlord  
  192  8:18  Pneumatized Carapace, Overseer  
  192  8:21  Overlord  
  190  8:29  Roach  
  180  8:35  Roach x11  
  192  8:41  Roach x4  
  194  8:50  Roach  
  194  8:51  Roach x5  
  194  9:00  Drone, Hydralisk Den  
  194  9:01  Roach x3  
  200  9:13  Evolution Chamber  
  199  9:19  Roach  
  199  9:21  Burrow  
  197  9:27  Roach  
  197  9:28  Roach x8, Overseer  
  197  9:29  Overseer  
  189  9:33  Grooved Spines, Viper x3  
  189  9:36  Hatchery  
  195  9:47  Roach x2  
  199  9:53  Zerg Missile Weapons Level 3  
  192  10:00  Overseer  
  192  10:01  Hydralisk x2, Overseer  
  192  10:02  Lurker Den  
  192  10:03  Overseer  
  186  10:11  Drone x4  
  186  10:14  Zerg Ground Armor Level 2  
  186  10:18  Hydralisk x2  
  190  10:26  Extractor x2  
  188  10:33  Spine Crawler  
  188  10:34  Spine Crawler  
  188  10:35  Hydralisk x4  
  194  10:44  Muscular Augments  
  181  10:53  Hydralisk  
  164  10:58  Hydralisk x11  
  186  11:09  Lurker x3  
  186  11:10  Lurker  
  184  11:19  Roach x17  
  184  11:27  Hatchery  
  184  11:28  Seismic Spines  
  184  11:29  Overseer  
  183  11:33  Hydralisk x2, Hatchery  
  183  11:34  Hydralisk x3  
  192  11:45  Drone  
  193  11:48  Viper x2  
  193  11:58  Viper  
  177  12:09  Drone x2  
  177  12:13  Viper  
  177  12:15  Roach x7  
  190  12:28  Roach x11  
  195  12:38  Roach x5  
  197  12:49  Roach x6  
  184  13:01  Roach x6  
  166  13:20  Hydralisk x8  
  182  13:29  Roach x2  
  182  13:31  Viper  
  182  13:32  Viper x2  
  186  13:35  Overseer  
  186  13:37  Hydralisk x2  
  190  13:41  Roach x5, Overseer  
  190  13:44  Lurker  
  190  13:45  Lurker  
  190  13:46  Lurker, Overlord x2  
  193  13:52  Hydralisk x2  
  197  13:56  Overlord x2  
  193  14:06  Ravager x3  
  193  14:08  Drone x3  
  197  14:14  Ravager  
  198  14:19  Lurker  
  177  14:41  Roach  
  177  14:43  Hydralisk  
  177  14:44  Hatchery  
  173  14:46  Hydralisk x12  
  197  14:53  Adaptive Talons  
  197  14:54  Unknown  
  197  14:56  Unknown  
  195  15:11  Overlord  
  193  15:15  Hydralisk  
  193  15:16  Hydralisk x2  
  178  15:28  Hydralisk x8  
  161  15:38  Lurker x7  
  164  15:43  Hydralisk  
  166  15:50  Viper x3  
  166  15:56  Hydralisk x2  
  179  16:05  Hatchery  
  179  16:10  Hydralisk x2  
  180  16:16  Hydralisk  
  180  16:17  Hydralisk x2  
  183  16:30  Drone x3  
  183  16:31  Drone x3, Overlord x3  
  189  16:43  Overlord  
  189  16:47  Overlord  
  189  16:48  Overlord  
  189  16:49  Overlord  
  189  16:58  Hydralisk x5  
  164  17:10  Hydralisk x3  
  164  17:22  Hydralisk  
  164  17:23  Hydralisk x2  
  156  17:31  Hydralisk x4  
  158  17:37  Lurker  
  158  17:38  Lurker x2  
  158  17:41  Lurker  
  158  17:42  Lurker  
  155  17:54  Drone x12, Hydralisk x2  
  155  18:04  Hydralisk x2  
  154  18:16  Hydralisk x2  
  158  18:25  Hydralisk  
  160  18:40  Hydralisk x3  
  166  18:43  Overseer  
  166  18:55  Hydralisk x3  
  172  19:07  Overseer  

Tags
 
Add a new tag
Caveats
  • Supply blocks, unpowered buildings, or Contaminate may cause inaccurate times.
  • Supply counts are checked every 10 seconds.